 Dungeon Crawl Stone Soup version 0.31-a0-1363-g282adc679d (webtiles) character file.

Game seed: 2151205181032780929

35 Ge0ff the Cutter (level 3, -2/28 HPs)
             Began as a Vampire Cinder Acolyte on Dec 23, 2023.
             Was a High Priest of Ignis.
             Slain by a gnoll
             ... wielding a +0 halberd
              (11 damage)
             ... on level 2 of the Dungeon.
             The game lasted 00:05:11 (1157 turns).

Ge0ff the Cutter (Vampire Cinder Acolyte)           Turns: 1157, Time: 00:05:11

Health: -2/28      AC:  2    Str: 13    XL:     3   Next: 16%
Magic:  5/5        EV: 11    Int: 18    God:    Ignis [*****.]
Gold:   0          SH:  0    Dex:  9    Spells: 2/4 levels left

rFire   + . .        a - -1 short sword (flame)
rCold   . . .        (no shield)
rNeg    . . .        e - +0 robe
rPois   .            (no helmet)
rElec   .            (no cloak)
rCorr   .            (no gloves)
SInv    +            (no boots)
Will    .....        (no amulet)
Stlth   ++           (no ring)
HPRegen 0.44/turn    (no ring)
MPRegen 0.09/turn

%: no passive effects
@: healing quickly
A: alive, fangs 3, see invisible, vampiric 2
a: Exsanguinate, Renounce Religion, Fiery Armour, Foxfire Swarm, Rising Flame


You were on level 2 of the Dungeon.
You worshipped Ignis.
Ignis was extremely pleased with you.
You visited 1 branch of the dungeon, and saw 2 of its levels.

Inventory:

Hand Weapons
 a - a -1 short sword of flaming (weapon)
 b - a +0 dagger
Missiles
 d - 30 stones
 h - 5 poisoned darts
Armour
 e - a +0 robe (worn)
Scrolls
 c - a scroll of fear {unknown}
 f - 3 scrolls of identify {unknown}
Potions
 g - a potion of brilliance {unknown}
 i - 2 potions of attraction {unknown}


   Skills:
 - Level 2.7 Fighting
 + Level 3.6 Short Blades
 - Level 2.0 Stealth
 + Level 1.4 Spellcasting
 * Level 2.9 Fire Magic


You had 2 spell levels left.
You knew the following spells:

 Your Spells              Type           Power      Damage    Failure   Level
C - Scorch                Fire           22%        2d5       9%          2

Your spell library contained the following spells:

 Spells                   Type           Power      Damage    Failure   Level


Dungeon Overview and Level Annotations

Branches:
Dungeon (2/15) Zot: 10851

Altars:


Innate Abilities, Weirdness & Mutations

Your natural rate of healing is accelerated.
You have razor-sharp teeth.
You have supernaturally acute eyesight. (SInv)
You are afflicted with vampirism and can become a bat while bloodless.


Message History

The giant cockroach bites you but does no damage.
You hit the giant cockroach. You burn the giant cockroach.
You kill the giant cockroach!
Your magical contamination has completely faded away.
Done exploring.
Done exploring.
Search for what [? for help]? @ego||artefact||jewel||troll||scales||shield||talisman||manual||trap Can't find anything matching that.
Search for what [Enter for "@ego||artefact||jewel||troll||scales||shield||talisman||manual||trap", or ? for help]? .
Things that are here:
a +0 dagger; a kobold corpse
There is a stone staircase leading down here.
You climb downwards.
There is a stone staircase leading up here.
Found a dagger.
A bat and 3 gnolls come into view.
The gnoll shouts! x2
The bat moves out of view.
There is a stone staircase leading up here.
Flames lash the gnoll.
The gnoll is heavily wounded.
The gnoll's fire resistance burns away.
You hear an angry hiss.
You hear a shout!
Flames lash the gnoll.
The gnoll is burned terribly!
The gnoll is almost dead.
You hear a shout!
The gnoll hits you with a +0 whip. The gnoll hits you but does no damage.
You climb upwards.
There is a stone staircase leading down here.
You hit the gnoll. You burn the gnoll.
You kill the gnoll!
You have reached level 3!
Your experience leads to an increase in your attributes!
Increase (S)trength, (I)ntelligence, or (D)exterity?
You feel clever. x2
You can now turn into a vampire bat when bloodless.
HP restored.
Magic restored.
Done exploring.
You climb downwards.
A gnoll comes into view. It is wielding a +0 halberd.
There is a stone staircase leading up here.
The gnoll attacks as it pursues you! The gnoll barely misses you.
The gnoll closely misses you.
The gnoll hits you from afar with a +0 halberd!
Ouch! That really hurt!
There is a stone staircase leading up, spattered with blood here.
The gnoll hits you with a +0 spear.
The gnoll hits you from afar with a +0 halberd!
You die...

.. g# .# .g
# . .#
#.#.#. g#
#.)...###.#
#.........#
##.#.###g###
........g#
########@#
#.# #.# ...
####. .. ##


You could see 2 gnolls.

Vanquished Creatures
  A gnoll (D:1)
  2 endoplasms (D:1)
  3 giant cockroaches (D:1)
  2 goblins (D:1)
  2 hobgoblins (D:1)
  2 quokkas (D:1)
  2 ball pythons (D:1)
  4 bats (D:1)
  3 frilled lizards (D:1)
  2 kobolds (D:1)
  A rat (D:1)
24 creatures vanquished.

Vanquished Creatures (others)
  13 foxfires (D:1)
13 creatures vanquished.

Grand Total: 37 creatures vanquished

Notes
Turn   | Place    | Note
-------+----------+-------------------------------------------
     0 | D:1      | Ge0ff the Vampire Cinder Acolyte began the quest for the
                  | Orb.
     0 | D:1      | Reached XP level 1. HP: 17/17 MP: 2/2
   200 | D:1      | Reached skill level 1 in Stealth
   309 | D:1      | Reached XP level 2. HP: 19/23 MP: 3/3
   330 | D:1      | Learned a level 2 spell: Scorch
  1103 | D:1      | Gained mutation: You are afflicted with vampirism and can
                  | become a bat while bloodless. [Vampire growth]
  1103 | D:1      | Reached XP level 3. HP: 24/28 MP: 0/5
  1157 | D:2      | Slain by a gnoll

Illustrated notes

Levels and vault maps discovered:
D:1:      sevenhm_arrival_forest_fort_large_3, layout_rooms,
          serial_co_window_serial, co_window_of_opportunity_a,
          co_window_paths_b, co_window_paths_a, co_window_paths_a,
          co_window_corner_a, co_window_corner_b, co_window_corner_ca,
          co_window_corner_b, co_window_broadway_c, co_window_cross_2,
          co_window_broadway_c, glass_columns_a
D:2:      layout_basic

Skill      XL: |  1 |
---------------+----+-----
Stealth        | 2 |  2.0
Fighting       | |  2.7
Short Blades   | |  3.6
Spellcasting   | |  1.4
Fire Magic     | |  2.9

Action                     || total
---------------------------++-------
  Melee: Short sword       ||    67
         Bite              ||     4
  Throw: Stone             ||     2
   Cast: Scorch            ||     7
 Invoke: Foxfire Swarm     ||     1
   Stab: Sleeping          ||     4
 Armour: Robe              ||    33
  Dodge: Dodged            ||    30

Table legend: (Time is in decaauts)
 A = Elapsed time spent in this place.
 B = Non-inter-level travel time spent in this place.
 C = Inter-level travel time spent in this place.
 D = Time resting spent in this place.
 E = Time spent auto-exploring this place.
 F = Levels seen in this place.
 G = Mean time per level.
                   A        B        C        D        E       F      G
               +--------+--------+--------+--------+--------+-----+--------+
         Total |   1147 |   1133 |     14 |      4 |    854 |   2 |  573.5 |
       Dungeon |   1147 |   1133 |     14 |      4 |    854 |   2 |  573.5 |
               +--------+--------+--------+--------+--------+-----+--------+

Top non-repeatable levels by time:
     D:1: 1130 daAuts
     D:2: 16 daAuts
